 Dungeon Crawl Stone Soup version 0.24-a0-789-g35933f4 (webtiles) character file.

Game seed: 2353912215927433597, levelgen mode: deterministic

49 2tousent the Chopper (level 3, -8/31 HPs)
             Began as a Hill Orc Monk on Oct 9, 2019.
             Mangled by Sigmund
             ... wielding a +0 scythe of holy wrath
              (22 damage)
             ... on level 2 of the Dungeon.
             The game lasted 00:02:07 (1023 turns).

2tousent the Chopper (Hill Orc Monk)                Turns: 1023, Time: 00:02:09

Health: -8/31      AC:  3    Str: 14    XL:     3   Next: 75%
Magic:  3/3        EV: 13    Int: 10    God:
Gold:   54         SH:  0    Dex: 13    Spells: 2/2 levels left

rFire    . . .     SeeInvis .   a - +0 hand axe
rCold    . . .     Gourm    .   (no shield)
rNeg     . . .     Faith    .   b - +0 robe
rPois    .         Spirit   .   f - +1 hat
rElec    .         Reflect  .   (no cloak)
rCorr    .         Harm     .   (no gloves)
MR       .....                  (no boots)
Stlth    ++........             (no amulet)
HPRegen  0.10/turn              (no ring)
MPRegen  0.08/turn              (no ring)

@: no status effects
A: no striking features
a: no special abilities


You were on level 2 of the Dungeon.
You were not hungry.

You visited 1 branch of the dungeon, and saw 2 of its levels.

You collected 54 gold pieces.

Inventory:

Hand Weapons
 a - a +0 hand axe (weapon)
Armour
 b - a +0 robe (worn)
 f - a +1 hat (worn)
Scrolls
 d - a scroll of identify
 e - a scroll of fog {unknown}
 g - a scroll of teleportation
Potions
 h - a potion of heal wounds
 j - a potion of curing
 k - 2 potions of brilliance {unknown}
Comestibles
 c - 3 rations


   Skills:
 - Level 3.6 Fighting
 + Level 6.1 Axes
 - Level 2.4 Dodging
 - Level 1.5 Stealth


You had 2 spell levels left.
You didn't know any spells.
Your spell library was empty.

Dungeon Overview and Level Annotations

Branches:
Dungeon (2/15)

Altars:
Uskayaw
Vehumet

Annotations:
D:2 Sigmund


Message History

You hit the hobgoblin. You hit the hobgoblin but do no damage.
Sigmund drinks a potion.
Sigmund seems to grow stronger.
The hobgoblin misses you. The hobgoblin closely misses you.
You hit Sigmund.
Sigmund is moderately wounded.
You hit the hobgoblin.
You kill the hobgoblin!
You closely miss the hobgoblin. Sigmund completely misses you.
You hit Sigmund but do no damage.
Sigmund is moderately wounded.
You hit the hobgoblin. The hobgoblin hits you with a +0 club.
Sigmund casts a spell at you. The puff of flame misses you.
You completely miss Sigmund.
Sigmund is moderately wounded.
You hit the hobgoblin.
You kill the hobgoblin!
Sigmund hits you with a +0 scythe of holy wrath!!
Ouch! That really hurt!
You die...

### #.# #.### #...# #.#.#
#.#.# #.#.# #####.#.#######
##.....#.##@@..### ###
#..._..%...?)...... ...
##...........##.#### #..
#..#####.#.####...#########.#
#..#..(#..>.............†..†.
#..#..(#.########.#########.#
#..#####.# # #...##.#
#....^...# #....# #.##...###
#....#


You could see Sigmund and 2 dancing weapons.

Vanquished Creatures
  A gnoll (D:1)
  4 dart slugs
  2 leopard geckos
  4 bats
  3 goblins (D:1)
  5 hobgoblins
  A frilled lizard (D:2)
  5 kobolds
  2 rats (D:1)
27 creatures vanquished.

Notes
Turn   | Place    | Note
-------+----------+-------------------------------------------
     0 | D:1      | 2tousent the Hill Orc Monk began the quest for the Orb.
     0 | D:1      | Reached XP level 1. HP: 19/19 MP: 1/1
    99 | D:1      | Reached XP level 2. HP: 15/26 MP: 2/2
   215 | D:1      | Reached skill level 5 in Axes
   401 | D:1      | Reached XP level 3. HP: 24/31 MP: 3/3
   638 | D:2      | Found a radiant altar of Vehumet.
   698 | D:2      | Reached skill level 6 in Axes
   893 | D:2      | Noticed a +0 hand axe
   894 | D:2      | Found a hide-covered altar of Uskayaw.
   894 | D:2      | Noticed a +0 hand axe
   902 | D:2      | Noticed Sigmund
  1023 | D:2      | Mangled by Sigmund

Levels and vault maps discovered:
D:1:      sevenhm_arrival_forest_fort_small_3, layout_rooms,
          minmay_misc_feat_four_crosses
D:2:      layout_basic, vehumet_crystals, dancing_weapons_uskayaw, uniq_sigmund

Skill      XL: |  1  2  3 |
---------------+----------+-----
Axes           | 5 6 |  6.1
Fighting       | |  3.6
Dodging        | |  2.4
Stealth        | |  1.5

Action                   || total
-------------------------++-------
Melee: Hand axe          ||    95
  Use: Scroll            ||     5
 Stab: Sleeping          ||     3
Armor: Robe              ||    26
Dodge: Dodged            ||    82

Table legend:
 A = Non-vault XP
 B = Vault XP
 C = Vault XP percentage of total XP
 D = Non-vault monster count
 E = Vault monster count
 F = Vault count percentage of total count
                 A         B        C        D         E       F
            +---------+---------+-------+---------+---------+-------
      Total |      70 |       0 |   0.0 |      27 |       0 |   0.0
            +---------+---------+-------+---------+---------+-------
        D:1 |      50 |       0 |   0.0 |      17 |       0 |   0.0
        D:2 |      20 |       0 |   0.0 |      10 |       0 |   0.0
            +---------+---------+-------+---------+---------+-------
